 Dungeon Crawl Stone Soup version 0.29.1-15-g9cfb28693d (webtiles) character file.

Game seed: 10196624515741937106

2712 Heoruswealwe the Thaumaturge (level 9, 0/67 HPs)
             Began as a Deep Elf Earth Elementalist on Apr 12, 2023.
             Was a Follower of Vehumet.
             Slain by an orc warrior
             ... wielding a +0 dire flail
              (7 damage)
             ... on level 7 of the Dungeon.
             The game lasted 00:51:24 (5044 turns).

Heoruswealwe the Thaumaturge (DEEE)                 Turns: 5044, Time: 00:51:25

Health: 0/67       AC: 24    Str:  5    XL:     9   Next: 39%
Magic:  15/27      EV:  2    Int: 25    God:    Vehumet [*.....]
Gold:   127        SH:  0    Dex: 15    Spells: 17/32 levels left

rFire   . . .      SeeInvis +   d - +2 whip (venom)
rCold   . . .      Faith    .   (no shield)
rNeg    . . .      Spirit   .   (body armour currently unavailable)
rPois   +          Reflect  .   (helmet currently unavailable)
rElec   .          Harm     .   (cloak currently unavailable)
rCorr   .          Rampage  .   (gloves currently unavailable)
Will    .....      NoTele   +   (boots currently unavailable)
Stlth   ++........              (no amulet)
HPRegen 0.21/turn               I - ring of see invisible
MPRegen 0.20/turn               D - ring of wizardry

@: tree-form
A: stationary, stasis, torment immunity, boosted hp
a: Renounce Religion


You were on level 7 of the Dungeon.
You worshipped Vehumet.
Vehumet was aware of your devotion.
You were a tree.
You visited 2 branches of the dungeon, and saw 8 of its levels.
You also visited: Sewer.

You collected 326 gold pieces.
You spent 199 gold pieces at shops.

Inventory:

Hand Weapons
 d - a +2 whip of venom (weapon)
Armour
 a - a +0 robe (melded)
 c - a +0 robe
 n - a +0 robe
 t - a +0 cloak (melded)
 u - a +0 robe
 v - a +0 cloak
 y - a +0 robe
 F - a +0 robe
 H - a +0 robe
 J - a +0 robe
 M - a +0 robe
 N - a +0 robe
Magical Staves
 A - a staff of cold
Jewellery
 k - a +4 ring of evasion
 r - a +6 ring of strength
 D - a ring of wizardry (right branch)
 I - a ring of see invisible (left branch)
Scrolls
 e - 2 scrolls of poison {unknown}
 l - 2 scrolls of enchant weapon {unknown}
 m - a scroll of amnesia {unknown}
 o - 2 scrolls of fear {unknown}
 s - 3 scrolls of noise {unknown}
 w - 2 scrolls of magic mapping
 z - 6 scrolls of teleportation {unknown}
 L - a scroll of enchant armour
 P - a scroll of blinking
Potions
 b - a potion of magic
 f - 2 potions of degeneration {unknown}
 g - 3 potions of resistance {unknown}
 i - 3 potions of lignification
 j - 2 potions of haste {unknown}
 p - 5 potions of flight
 q - a potion of invisibility {unknown}
 x - 2 potions of ambrosia {unknown}
 B - a potion of cancellation {unknown}
 C - 4 potions of might {unknown}
 E - a potion of mutation {unknown}
 G - a potion of attraction {unknown}
 K - a potion of berserk rage {unknown}


   Skills:
 - Level 2.4 Dodging
 - Level 2.4 Stealth
 + Level 12.2 Spellcasting
 - Level 1.1 Transmutations
 + Level 10.5 Earth Magic


You had 17 spell levels left.
You knew the following spells:

 Your Spells              Type           Power      Damage    Failure   Level
a - Sandblast             Erth           100%       2d20      1%          1
b - Stone Arrow           Conj/Erth      82%        3d12      1%          3
c - Petrify               Tmut/Erth      44%        N/A       1%          4
d - Lee's Rapid Deconstr  Erth           31%        3d17*     1%          5
z - Passwall              Tmut/Erth      36%        N/A       1%          2

Your spell library contained the following spells:

 Spells                   Type           Power      Damage    Failure   Level
 Magic Dart               Conj           60%        1d6       1%          1
 Slow                     Hex            60%        N/A       1%          1
 Blink                    Tloc           30%        N/A       2%          2
 Sublimation of Blood     Necr           15%        N/A       2%          2
 Confusing Touch          Hex            15%        N/A       4%          3
 Vampiric Draining        Necr           15%        2d7       4%          3
 Fulminant Prism          Conj/Hex       7%         3d7       16%         4
 Iskenderun's Mystic Bla  Conj/Tloc      15%        2d5       16%         4
 Irradiate                Conj/Tmut      9%         3d14      32%         5
 Manifold Assault         Tloc           15%        N/A       38%         5
 Storm Form               Tmut/Air       9%         N/A       100%        7


Dungeon Overview and Level Annotations

Branches:
Dungeon (7/15)             Temple (1/1) D:6           Sewer (visited)

Altars:
Ashenzari
Cheibriados
Dithmenos
Elyvilon
Fedhas
Hepliaklqana
Kikubaaqudgha
Makhleb
Okawaru
Ru
Sif Muna
Trog
Uskayaw
Vehumet
Wu Jian
Yredelemnul
Zin

Shops:
D:2 *   D:3 =   D:4 *(=*


Message History

The orc warrior shoots a bolt.
The bolt hits you but does no damage.
The orc warrior shoots a bolt.
The bolt hits you but does no damage.
You hear a howl!
Casting: Sandblast (safe; 1% risk of failure)
Confirm with . or Enter, or press ? or * to list all spells.
Aiming: Sandblast (safe; 1% risk of failure)
Press: ? - help, Shift-Dir - straight line, f/p - orc warrior
Aim: an orc warrior, wielding a +0 arbalest, wearing a +0 plate armour and quivering stones (85% to hit)
The blast of sand hits the orc warrior but does no damage.
The orc warrior shoots a bolt.
The bolt hits you.
* * * LOW HITPOINT WARNING * * *
You hear a howl!
You hear a shout!
Casting: Sandblast (safe; 1% risk of failure)
Confirm with . or Enter, or press ? or * to list all spells.
Aiming: Sandblast (safe; 1% risk of failure)
Press: ? - help, Shift-Dir - straight line, f/p - orc warrior
Aim: an orc warrior, wielding a +0 arbalest, wearing a +0 plate armour and quivering stones (85% to hit)
The blast of sand hits the orc warrior.
The orc warrior is moderately wounded.
A centaur comes into view.
The centaur wields a +0 shortbow.
The centaur shoots an arrow.
The arrow hits you but does no damage.
The orc warrior unwields a +0 arbalest.
The orc warrior wields a +0 dire flail.
The orc warrior hits you with a +0 dire flail.
* * * LOW HITPOINT WARNING * * *
Casting: Sandblast (safe; 1% risk of failure)
Confirm with . or Enter, or press ? or * to list all spells.
Aiming: Sandblast (safe; 1% risk of failure)
Press: ? - help, Shift-Dir - straight line, f/p - orc warrior
Aim: an orc warrior, wielding a +0 dire flail, wearing a +0 plate armour and quivering stones (moderately wounded, 85% to hit)
Okay, then.
As you read the scroll of summoning, it crumbles to dust.
Wisps of shadow whirl around you...
The centaur shoots an arrow.
The arrow hits you.
* * * LOW HITPOINT WARNING * * *
A howler monkey comes into view.
The centaur shoots an arrow.
The arrow hits you.
* * * LOW HITPOINT WARNING * * *
The orc warrior hits you with a +0 dire flail!
You die...

.............!... .####:.....#
#..)........# #......[.....
#.....†.....#####)#.#.#.#.#.#.
##...o......#...(.............
#..........#.......⌠.....⌠...
#..........#...c......_......
#..........#...#...⌠.....⌠...
########o.##.)F#.............
##.##♣Y.#.#.#.#.#.#.#.
#))o.................
##h###h##.#####..#.#.
#.....##.#####.##<#
#.#...............#
#.#...####.######.# #.#....
#.# #.# ##. #.. #.# .. #...


You could see an orc warrior (ally target), a centaur (ally target), a howler
monkey, a friendly sky beast (summoned), a friendly bullfrog (summoned) and a
friendly hound (summoned).

Vanquished Creatures
  2 water moccasins (D:7)
  Duvessa (D:5)
  A sky beast (D:6)
  2 ogres
  A centaur (D:7)
  A phantom (D:4)
  4 kobold brigands (Sewer)
  2 bullfrogs
  4 scorpions
  Dowan (D:5)
  5 howler monkeys (D:7)
  4 jellies
  7 hounds
  4 orc priests
  Terence (D:2)
  5 iguanas
  7 orc wizards
  7 gnolls
  13 adders
  2 river rats (Sewer)
  An ufetubus (D:4)
  4 worms
  3 dart slugs (D:1)
  10 orcs
  6 bats
  9 endoplasms
  3 giant cockroaches
  5 goblins
  6 hobgoblins
  3 jackals (D:1)
  6 quokkas
  12 ball pythons
  6 frilled lizards
  13 kobolds
  14 rats
175 creatures vanquished.

Vanquished Creatures (others)
  9 fungi (D:2)
  2 plants (D:2)
11 creatures vanquished.

Grand Total: 186 creatures vanquished

Notes
Turn   | Place    | Note
-------+----------+-------------------------------------------
     0 | D:1      | Heoruswealwe the Deep Elf Earth Elementalist began the
                  | quest for the Orb.
     0 | D:1      | Reached XP level 1. HP: 10/10 MP: 6/6
   147 | D:1      | Reached XP level 2. HP: 9/15 MP: 5/8
   268 | D:1      | Reached skill level 4 in Spellcasting
   293 | D:1      | Reached XP level 3. HP: 13/19 MP: 4/10
   296 | D:1      | Learned a level 2 spell: Passwall
   300 | D:1      | Learned a level 3 spell: Stone Arrow
   496 | D:2      | Noticed Terence
   510 | D:2      | Killed Terence
   516 | D:2      | Reached XP level 4. HP: 5/24 MP: 0/12
   521 | D:2      | Learned a level 4 spell: Petrify
   594 | D:2      | Found Aptaf's Assorted Antiques.
   683 | D:2      | You fall into a shaft and drop 2 floors!
   720 | D:4      | Found Aradot's Jewellery Shop.
   752 | D:4      | Reached skill level 5 in Spellcasting
   758 | D:4      | Found Gueriet's Assorted Antiques.
   765 | D:4      | Bought a scroll labelled AFUME TEJIUCH for 18 gold pieces
   765 | D:4      | Bought a scroll labelled MAW VEPSUSCHEO for 18 gold pieces
   885 | D:4      | Found Fefus's Antique Weapon Shop.
   917 | D:4      | Noticed a phantom
   923 | D:4      | Killed a phantom
   924 | D:4      | Reached skill level 5 in Earth Magic
   924 | D:4      | Reached XP level 5. HP: 16/28 MP: 10/15
  1063 | D:4      | Bought a fuming purple potion for 16 gold pieces
  1063 | D:4      | Bought a fizzy grey potion for 16 gold pieces
  1176 | D:4      | Found Berpheteo's Assorted Antiques.
  1182 | D:4      | Noticed a +0 hand axe
  1182 | D:4      | Noticed a +0 hand axe
  1187 | D:4      | Found a hide-covered altar of Uskayaw.
  1242 | D:4      | Bought a scroll labelled EPIHED LYUR for 32 gold pieces
  1386 | D:4      | Reached skill level 6 in Spellcasting
  1436 | D:4      | Reached XP level 6. HP: 26/32 MP: 10/17
  1693 | D:4      | Bought a scroll labelled VEOMEG PEVEB for 32 gold pieces
  1899 | D:2      | Bought a scroll labelled SEXECLU GURACH for 27 gold pieces
  1899 | D:2      | Bought a white potion for 24 gold pieces
  2193 | D:2      | Found a faded altar of an unknown god.
  2260 | D:2      | Prayed at the altar of an unknown god.
  2260 | D:2      | Became a worshipper of Ru the Awakened
  2268 | D:2      | Fell from the grace of Ru
  2839 | D:3      | Found Umnikeah's Jewellery Shoppe.
  2904 | D:5      | Entered Level 5 of the Dungeon
  2942 | D:5      | Reached skill level 7 in Spellcasting
  3043 | D:5      | Reached XP level 7. HP: 35/36 MP: 18/20
  3119 | D:5      | Found a glowing drain.
  3143 | Sewer    | Entered a sewer
  3167 | Sewer    | Reached skill level 8 in Spellcasting
  3478 | Sewer    | Reached skill level 9 in Spellcasting
  3628 | D:5      | Found a radiant altar of Vehumet.
  3632 | D:5      | Became a worshipper of Vehumet
  3638 | D:5      | Found a hazy altar of Hepliaklqana.
  3644 | D:5      | Found a basalt altar of Yredelemnul.
  3850 | D:5      | Noticed Duvessa
  3852 | D:5      | Noticed Dowan
  3855 | D:5      | Killed Duvessa
  3856 | D:5      | Reached XP level 8. HP: 41/41 MP: 19/23
  3861 | D:5      | Killed Dowan
  3949 | D:5      | Reached skill level 10 in Spellcasting
  4109 | D:4      | Bought a fuming purple potion for 16 gold pieces
  4253 | D:6      | Found a staircase to the Ecumenical Temple.
  4269 | D:6      | Learned a level 5 spell: Lee's Rapid Deconstruction
  4310 | Temple   | Entered the Ecumenical Temple
  4485 | D:6      | Reached * piety under Vehumet
  4485 | D:6      | Offered knowledge of Magic Dart by Vehumet.
  4614 | D:6      | Reached skill level 11 in Spellcasting
  4944 | D:7      | Found a white marble altar of Elyvilon.
  4958 | D:7      | Reached XP level 9. HP: 45/45 MP: 23/26
  4974 | D:7      | Reached skill level 10 in Earth Magic
  5018 | D:7      | Reached skill level 12 in Spellcasting
  5044 | D:7      | Slain by an orc warrior

Illustrated notes

Levels and vault maps discovered:
D:1:      wander_arrival_chamber, layout_rooms
D:2:      layout_loops_ring, dreamdust_ecumenical_altar_hidden_monk_grotto,
          serial_shops, nicolae_shop_hallway_plus, minmay_tetromino_s4,
          uniq_terence
D:3:      layout_rooms, serial_shops, shop_statue, lightli_corner_chamber
D:4:      cheibrodos_barr_body, layout_loops_corners, dancing_weapons_uskayaw,
          serial_shops, kennysheep_little_box, nicolae_lakefront_shop,
          nicolae_shop_trees, nicolae_shop_window_shopping
D:5:      layout_basic, grunt_temple_overflow_diamond, portal_sewer_entry_a,
          uniq_duvessa
D:6:      layout_basic, minmay_temple_entry_mist
D:7:      layout_basic, elyvilon_altar_5, mainiacjoe_overflow_swirl
Temple:   nicolae_temple_hex_pool

Skill      XL: |  1  2  3  4  5  6  7  8  9 |
---------------+----------------------------+-----
Spellcasting   | 4 5 6 7 9 11 12 | 12.2
Earth Magic    | 4 5 6 8 9 10 | 10.5
Dodging        | |  2.4
Stealth        | |  2.4
Transmutations | |  1.1

Action                   |  1- 3 |  4- 6 |  7- 9 || total
-------------------------+-------+-------+-------++-------
Melee: Whip              |    11 |    50 |     1 ||    62
       Punch             |     1 |     2 |       ||     3
 Cast: Sandblast         |    42 |    96 |   136 ||   274
       Passwall          |       |     2 |     1 ||     3
Invok: Renounce Religion |       |     1 |       ||     1
  Use: Potion            |       |     2 |     6 ||     8
       Scroll            |       |       |    10 ||    10
Armor: Robe              |     6 |     6 |    12 ||    24
       Skin              |       |       |     3 ||     3
Dodge: Dodged            |    22 |    26 |    39 ||    87
